Map: Traitor's Exile

Players

Psylent

  • Race: Terran Terran
  • League: Platinum
  • Spawn Location: 9:00

TomT

  • Race: Terran Terran
  • Spawn Location: 12:00

OpuS - Winner!

  • Race: Protoss Protoss
  • League: Diamond
  • Spawn Location: 5:00

Sketchaphone - Winner!

  • Race: Zerg Zerg
  • League: Gold
  • Spawn Location: 6:00

VOD

Have the link to the VOD?

Description

Time

  • Played on: Jan. 22, 2019, 11:12 a.m.
  • Length: 11:41
Show
View Real Time Build Order
Export as new Build Order

Psylent Terran 

Build Orders:  

Get SALT Encoding   

  12  0:01  SCV  
  13  0:13  SCV  
  14  0:18  Supply Depot  
  14  0:25  SCV  
  15  0:40  SCV  
  15  0:42  Barracks  
  16  0:46  Refinery  
  16  0:52  SCV  
  17  1:04  SCV  
  18  1:14  Refinery  
  18  1:16  SCV  
  19  1:24  Barracks  
  19  1:31  Reaper  
  20  1:41  Orbital Command  
  20  1:52  Supply Depot  
  20  2:08  SCV  
  21  2:11  Reaper  
  21  2:12  Reaper  
  23  2:17  Supply Depot  
  23  2:25  SCV  
  23  2:29  Factory  
  24  3:05  Barracks Tech Lab  
  24  3:10  SCV, Bunker  
  25  3:13  Starport  
  25  3:14  Barracks Tech Lab, Factory Tech Lab  
  25  3:38  Marine x2  
  27  3:56  Marine  
  26  4:09  Siege Tank  
  29  4:13  Marine x2  
  29  4:16  Stimpack  
  31  4:26  Command Center  
  31  4:28  SCV  
  32  4:31  Liberator, Starport Reactor  
  35  4:55  Factory, Barracks Reactor  
  35  4:57  Fusion Core  
  35  5:00  SCV  
  36  5:12  SCV  
  37  5:31  Marine  
  37  5:32  Marine  
  39  5:37  Marine  
  39  5:38  Siege Tank  
  43  5:49  Marine  
  40  6:38  Starport Tech Lab  
  40  6:40  Orbital Command  
  40  6:48  SCV  
  40  6:53  Siege Tank  
  44  6:57  Marine x3  
  44  7:00  SCV  
  48  7:01  Banshee  
  48  7:02  Cloaking Field  
  51  7:12  SCV  
  51  7:14  Marine  
  51  7:15  Marine  
  54  8:13  Marine x2  
  54  8:15  SCV x2, Marine  
  54  8:17  Supply Depot  
  44  8:27  SCV x2  
  44  8:30  Marine x2  
  44  8:32  Marine  
  45  8:39  SCV x2  
  45  8:48  Marine  
  45  8:51  SCV x2  
  48  9:03  SCV x2  
  48  9:06  Marine  
  51  9:15  SCV x2  
  53  9:23  Refinery  
  53  9:24  Refinery  
  53  9:29  Marine  
  53  9:30  Combat Shield  
  54  9:45  Banshee, Siege Tank, Marine x2  
  57  9:48  Supply Depot  
  57  9:51  Marine  
  63  9:53  Supply Depot  
  63  10:03  Marine x2  
  65  10:08  Marine  
  65  10:11  Supply Depot  
  66  10:21  Marine x2  
  62  10:26  Marine  
  62  10:28  Banshee, SCV  
  58  10:39  Marine x2  
  58  10:41  SCV  
  51  10:53  SCV  
  51  10:56  Marine  
  46  11:01  Marine x2  
  43  11:05  SCV  
  43  11:09  SCV  
  45  11:17  SCV  
  46  11:19  Marine x2  
  46  11:22  SCV  
  46  11:25  Starport Tech Lab  
  47  11:26  Factory Tech Lab  
Show
View Real Time Build Order
Export as new Build Order

TomT Terran 

Build Orders:  

Get SALT Encoding   

  12  0:07  SCV  
  13  0:19  SCV  
  14  0:23  Supply Depot  
  14  0:26  Refinery  
  14  0:31  SCV  
  15  0:45  SCV  
  16  0:50  Barracks  
  16  0:57  SCV  
  16  1:00  Refinery  
  17  1:13  Barracks  
  17  1:16  SCV  
  18  1:29  SCV  
  19  1:37  Supply Depot  
  19  1:41  SCV  
  19  1:44  Barracks Reactor  
  20  1:58  SCV, Supply Depot  
  20  2:00  Barracks Tech Lab  
  21  2:17  Factory  
  21  2:20  Marine  
  21  2:22  Marine  
  23  2:26  Marine  
  24  2:34  Stimpack  
  24  2:38  Marine  
  24  2:42  Marine  
  26  2:50  SCV  
  27  2:57  Supply Depot  
  27  3:06  Starport  
  27  3:09  Factory Reactor  
  27  3:13  SCV  
  27  3:17  Marine  
  29  3:21  Marine  
  29  3:24  Marine  
  31  3:34  Orbital Command  
  31  3:38  Marine  
  32  3:56  Medivac  
  32  3:57  Medivac  
  32  3:58  Widow Mine  
  32  4:01  Marine  
  39  4:04  Marine  
  39  4:06  Marine  
  41  4:18  Marine  
  41  4:21  Marine  
  43  4:33  Marine, Liberator  
  43  4:36  Marine  
  45  4:39  Marine  
  46  4:49  Widow Mine  
  47  5:00  Marine  
  47  5:01  Marine  
  9  5:34  Orbital Command  
  7  5:41  Widow Mine  
  9  5:52  Marine x2  
  11  6:10  Marine  
  12  6:14  SCV  
  13  6:25  Marine  
  13  6:26  SCV  
  13  6:28  Marine  
  16  6:39  SCV  
  17  6:43  Marine  
  17  6:46  Marine  
  19  6:51  SCV  
  20  7:03  SCV  
  20  7:06  Factory Tech Lab  
  20  7:07  Medivac  
  23  7:14  Combat Shield  
  23  7:15  SCV  
  13  7:27  SCV  
  13  7:36  Marine  
  13  7:37  Marine  
  13  7:54  Marine x2  
  15  8:12  Marine x2  
  16  8:14  Orbital Command  
  17  8:30  Marine x2  
  19  8:43  SCV  
  21  8:53  Factory  
  21  8:55  SCV  
  21  9:01  Barracks Reactor  
  20  9:02  Concussive Shells  
  20  9:04  Marauder  
  20  9:07  SCV  
  20  9:09  Supply Depot  
  23  9:16  Barracks, Command Center  
  23  9:20  SCV  
  24  9:32  SCV  
  25  9:44  SCV  
  26  9:56  SCV  
  27  10:03  Barracks Reactor  
  27  10:07  Engineering Bay  
  27  10:10  Factory Tech Lab  
  27  10:12  SCV, Starport  
  28  10:24  SCV  
  29  10:34  Supply Depot  
  29  10:36  SCV  
  29  10:38  Siege Tank  
  33  10:43  Refinery  
  33  10:46  Refinery  
  33  10:48  SCV  
  33  10:49  Starport Reactor  
  34  10:58  Marine  
  34  11:00  SCV  
  36  11:12  SCV  
  37  11:20  Marine  
  37  11:21  Marine x4  
  37  11:25  SCV  
Show
View Real Time Build Order
Export as new Build Order

OpuS Protoss - Winner!

Build Orders:  

Get SALT Encoding   

  12  0:00  Probe  
  13  0:13  Probe  
  14  0:22  Pylon  
  14  0:25  Probe  
  15  0:36  Probe  
  16  0:44  Probe  
  16  0:45  Gateway  
  17  0:54  Assimilator  
  17  1:05  Probe  
  18  1:13  Probe  
  19  1:23  Probe  
  20  1:35  Cybernetics Core  
  20  1:56  Nexus  
  20  2:03  Cybernetics Core  
  20  2:04  Probe  
  20  2:07  Assimilator  
  21  2:11  Pylon  
  21  2:12  Probe  
  22  2:40  Stalker  
  23  2:59  Probe  
  24  3:07  Probe  
  25  3:16  Probe  
  25  3:19  Warp Gate  
  26  3:22  Robotics Facility  
  26  3:26  Stalker  
  26  3:44  Gateway  
  26  3:46  Gateway  
  26  3:47  Stalker  
  26  4:01  Gateway  
  26  4:02  Pylon  
  28  4:06  Probe  
  28  4:07  Probe  
  30  4:11  Observer  
  31  4:20  Probe x2  
  32  4:39  Stalker x3  
  32  4:41  Probe x2  
  18  5:26  Adept x3  
  18  5:27  Adept  
  24  5:34  Probe x2  
  26  5:46  Probe x2  
  28  5:58  Probe  
  28  6:00  Probe  
  18  6:35  Probe x2  
  18  6:42  Adept x2  
  18  6:43  Adept  
  24  6:47  Adept  
  24  6:52  Probe  
  27  6:56  Probe  
  28  7:03  Observer  
  29  7:27  Adept  
  29  7:28  Adept x3  
  37  7:31  Probe  
  37  7:34  Probe  
  39  7:49  Probe x2  
  41  8:01  Probe  
  41  8:02  Probe  
  41  8:19  Probe x2  
  41  8:23  Pylon  
  41  8:25  Assimilator  
  39  8:29  Assimilator  
  39  8:31  Probe x2  
  35  8:43  Probe  
  35  8:46  Adept x4  
  35  8:47  Probe  
  41  8:55  Probe  
  42  8:59  Probe  
  43  9:07  Adept x3  
  43  9:08  Adept  
  43  9:09  Probe  
  52  9:11  Probe  
  53  9:18  Observer  
  53  9:21  Probe  
  55  9:28  Adept x3  
  61  9:33  Pylon  
  61  9:35  Pylon  
  61  9:36  Pylon  
  61  9:46  Probe  
  61  9:51  Probe  
  63  9:58  Probe  
  64  10:03  Probe  
  65  10:10  Probe  
  66  10:17  Adept  
  66  10:18  Adept x3  
  66  10:20  Probe  
  75  10:22  Probe  
  60  10:43  Probe x2  
  60  10:44  Adept x2  
  60  10:45  Adept x2  
  64  10:57  Gateway  
  64  10:58  Gateway  
  64  11:01  Gateway  
  64  11:06  Adept x2  
  64  11:07  Adept x2  
  64  11:08  Gateway  
  72  11:31  Twilight Council  
Show
View Real Time Build Order
Export as new Build Order

Sketchaphone Zerg - Winner!

Build Orders: Hatch First, Swarm Host 

Get SALT Encoding   

  12  0:02  Drone  
  13  0:12  Overlord  
  13  0:18  Drone  
  14  0:31  Drone x2  
  14  0:34  Drone  
  17  0:56  Hatchery  
  16  1:03  Drone  
  17  1:06  Drone, Extractor  
  17  1:09  Drone  
  18  1:24  Spawning Pool  
  17  1:33  Drone  
  17  1:35  Drone  
  19  1:42  Overlord  
  19  1:56  Drone  
  20  2:12  Zergling x2  
  20  2:13  Drone, Queen  
  24  2:17  Zergling x2  
  24  2:18  Queen  
  24  2:21  Metabolic Boost  
  27  2:25  Drone  
  28  2:30  Zergling x2  
  28  2:31  Zergling x2  
  30  2:46  Drone, Overlord  
  30  2:48  Drone  
  32  3:09  Queen  
  32  3:10  Drone  
  35  3:14  Hatchery  
  35  3:17  Zergling x2  
  35  3:36  Zergling x18  
  44  3:45  Spine Crawler  
  43  4:14  Overlord  
  43  4:15  Drone  
  43  4:39  Drone  
  43  4:40  Drone  
  43  4:41  Drone x2, Overlord  
  43  4:43  Extractor  
  43  4:44  Lair  
  46  4:47  Evolution Chamber, Drone x2  
  46  4:48  Evolution Chamber  
  46  4:49  Drone x2  
  46  4:51  Drone x2  
  50  5:04  Zergling x14  
  55  5:25  Zergling x20  
  64  5:41  Zerg Missile Weapons Level 1  
  64  5:44  Zerg Ground Armor Level 1  
  64  5:46  Roach Warren  
  61  5:51  Drone x3, Extractor  
  61  5:52  Overlord  
  61  5:53  Drone, Extractor  
  61  5:54  Drone x2  
  62  6:11  Hydralisk Den  
  62  6:18  Zergling x18  
  67  6:40  Hydralisk  
  67  6:41  Hydralisk x2  
  67  6:43  Drone  
  67  6:45  Overlord x2  
  59  7:27  Hydralisk x7, Roach  
  59  7:29  Roach  
  77  7:49  Hydralisk x4  
  84  7:53  Roach  
  70  8:40  Roach  
  70  8:41  Roach x11  
  78  8:45  Zerg Missile Weapons Level 2  
  74  8:57  Grooved Spines  
  74  8:59  Infestation Pit  
  74  9:01  Drone  
  68  9:05  Drone  
  68  9:06  Drone  
  70  9:13  Drone x2  
  70  9:16  Drone  
  73  9:22  Glial Reconstitution  
  73  9:26  Drone  
  73  9:28  Drone  
  75  9:37  Ravager x4  
  79  9:39  Swarm Host  
  79  9:42  Overlord  
  82  9:54  Overlord x2  
  82  9:59  Swarm Host x2  
  88  10:12  Swarm Host x3  
  88  10:13  Swarm Host  
  97  10:45  Swarm Host x2  
  97  10:46  Swarm Host  
  97  10:47  Overlord  
  100  11:13  Hydralisk x7  
Tags
 
Add a new tag
Caveats
  • Supply blocks, unpowered buildings, or Contaminate may cause inaccurate times.
  • Supply counts are checked every 10 seconds.